 Dungeon Crawl Stone Soup version 0.30-a0-757-ga6a79fd877 (webtiles) character file.

Game seed: 8429521988842311724

5931 jlumianski the Cleaver (level 10, -5/79 HPs)
             Began as a Demonspawn Fighter on Feb 4, 2023.
             Was a Priest of Qazlal.
             Hit by a large rock thrown by a cyclops (20 damage)
             ... on level 9 of the Dungeon on Feb 9, 2023.
             The game lasted 00:57:12 (9302 turns).

jlumianski the Cleaver (Demonspawn Fighter)         Turns: 9302, Time: 00:57:13

Health: -5/79      AC: 17    Str: 22    XL:     10   Next: 54%
Magic:  0/14       EV:  4    Int:  9    God:    Qazlal [***...]
Gold:   564        SH: 17    Dex: 12    Spells: 9/9 levels left

rFire   . . .      SeeInvis +    a - +1 war axe (venom)
rCold   . . .      Faith    .    Q - +0 tower shield
rNeg    . . .      Spirit   +    H - +0 plate armour
rPois   .          Reflect  .    (helmet unavailable)
rElec   .          Harm     .    (no cloak)
rCorr   +          Rampage  .    (no gloves)
Will    .....                    B - +0 pair of boots Stlth
                                 V - amulet of regeneration
HPRegen 1.13/turn                f - ring of resist corrosion
MPRegen 0.28/turn                S - +4 ring of protection

@: no status effects
A: antennae 3, magic shield, magic regeneration
a: Renounce Religion, Upheaval, Elemental Force


You were on level 9 of the Dungeon.
You worshipped Qazlal.
Qazlal was most pleased with you.
You visited 2 branches of the dungeon, and saw 10 of its levels.
You also visited: Sewer.

You collected 564 gold pieces.

Inventory:

Hand Weapons
 a - a +1 war axe of venom (weapon)
 u - a +2 dagger of electrocution
 E - a +2 spear of freezing
Missiles
 c - 6 atropa-tipped darts
 o - 37 poisoned darts (quivered)
 s - a throwing net
 G - 5 javelins
 T - 3 boomerangs
Armour
 B - a +0 pair of boots (worn)
 H - a +0 plate armour (worn)
 Q - a +0 tower shield (worn)
Jewellery
 f - a ring of resist corrosion (left hand)
 L - a ring of ice
 S - a +4 ring of protection (right hand)
 V - an amulet of regeneration (around neck)
Wands
 w - a wand of flame (14)
 I - a wand of mindburst (11)
Scrolls
 g - a scroll of blinking
 p - 3 scrolls of fog
 q - 2 scrolls of amnesia
 y - a scroll of poison
 F - a scroll of teleportation
 N - 2 scrolls of magic mapping
Potions
 b - a potion of flight {unknown}
 d - a potion of might
 j - 3 potions of curing
 r - 2 potions of attraction
 t - 2 potions of lignification
 v - a potion of berserk rage
 z - a potion of cancellation
 C - 2 potions of haste
 J - 2 potions of mutation {unknown}
 U - a potion of resistance {unknown}


   Skills:
 * Level 7.3 Fighting
 + Level 8.3 Axes
 + Level 1.1 Throwing
 + Level 6.0 Armour
 + Level 2.8 Dodging
 + Level 0.3 Stealth
 + Level 5.8 Shields
 * Level 5.8 Invocations
 * Level 5.3 Evocations


You had 9 spell levels left.
You didn't know any spells.
Your spell library contained the following spells:

 Spells                   Type           Power      Damage    Failure   Level
 Foxfire                  Conj/Fire      0%         2x1d4     100%        1
 Sandblast                Erth           0%         2d4       100%        1
 Blink                    Tloc           0%         N/A       100%        2
 Ensorcelled Hibernation  Hex/Ice        0%         N/A       100%        2
 Lesser Beckoning         Tloc           0%         N/A       100%        2
 Momentum Strike          Conj/Tloc      0%         3d8       100%        2
 Passwall                 Tmut/Erth      0%         N/A       100%        2
 Ozocubu's Armour         Ice            0%         N/A       100%        3
 Portal Projectile        Hex/Tloc       0%         N/A       100%        3
 Stone Arrow              Conj/Erth      0%         3d7       100%        3
 Swiftness                Air            0%         N/A       100%        3
 Tukima's Dance           Hex            0%         N/A       100%        3
 Blade Hands              Tmut           0%         N/A       100%        5
 Fireball                 Conj/Fire      0%         3d3       100%        5
 Starburst                Conj/Fire      0%         6d3       100%        6
 Ozocubu's Refrigeration  Ice            0%         4d7       100%        7


Dungeon Overview and Level Annotations

Branches:
Dungeon (9/15)             Temple (1/1) D:4            Lair (0/5) D:8
  Sewer (visited)
    Orc: D:9-12

Altars:
Cheibriados
Qazlal
Ru
Uskayaw
Yredelemnul

Shops:
D:4 *


Innate Abilities, Weirdness & Mutations

You have a pair of large antennae on your head. (SInv)
When hurt, damage is shared between your health and your magic reserves.
You regenerate magic rapidly.


Message History

Qazlal accepts your kill. The steam dragon breathes steam at you.
The ball of steam hits you!
* * * LOW HITPOINT WARNING * * *
You hit the steam dragon but do no damage.
The steam dragon is poisoned.
You block the steam dragon's attack. The steam dragon claws you.
* * * LOW HITPOINT WARNING * * *
The steam dragon breathes steam at you. The ball of steam hits you!
* * * LOW HITPOINT WARNING * * *
You hear a shout! x2
You slash the steam dragon!
The steam dragon looks as sick as possible!
The steam dragon is moderately wounded.
The steam dragon bites you but does no damage.
You block the steam dragon's attack.
You slash the steam dragon!
The steam dragon is severely wounded.
You block the steam dragon's attack.
The steam dragon claws you but does no damage.
The steam dragon bites you but does no damage.
You block the steam dragon's attack.
A cyclops opens the door.
A wight comes into view. It is wielding a +5 dire flail.
Found 36 gold pieces.
A hornet and a yak come into view.
The hornet buzzes angrily.
The yak bellows!
You hit the steam dragon but do no damage.
The steam dragon looks as sick as possible!
The steam dragon is severely wounded.
The yak snorts and paws the ground.
A centaur warrior comes into view.
You block the steam dragon's attack.
The steam dragon claws you but does no damage.
The yak moves out of view.
You slash the steam dragon!
You kill the steam dragon!
Qazlal accepts your kill.
The cyclops throws a large rock.
The large rock hits you!!
You die...

#.... #... ..... .....#
...#### ... ###
.....###..#[.##... #.?#
.....##...#...##.##...#
.....#....##..)#.#...#
...(.#.....##.'#.#).#
.(..........###§@†###..
....#..........§8°.......
............###...###....
....#......##.)#.#Cc ..
....###...##...#.#zy
....# ###.#...##.##..{
....# #.#..##... #.$
....#####.#### ... ###
........#.... ...


You could see a cyclops, a hornet and a wight.

Vanquished Creatures
  A two-headed ogre (D:9)
  Maggie (D:6)
  2 hornets
  2 yaks (D:9)
  4 steam dragons
  Duvessa (D:6)
  2 water moccasins (D:8)
  A black bear (D:8)
  3 orc warriors
  An ice beast (D:7)
  2 sky beasts (D:7)
  2 ogres
  A centaur (D:7)
  3 phantoms
  A kobold brigand (D:8)
  8 bullfrogs
  A scorpion (D:5)
  A necrophage (D:5)
  A gnoll sergeant (D:8)
  11 wights
  Dowan (D:6)
  3 killer bees (D:8)
  A howler monkey (D:6)
  2 jellies
  2 gnoll boudas
  6 orc priests
  3 hounds
  6 orc wizards
  Natasha (twice) (D:3)
  Robin (D:3)
  15 gnolls
  10 adders
  A shadow imp (D:8)
  A white imp (D:5)
  An ufetubus (D:5)
  3 worms
  3 dart slugs
  25 orcs
  6 ball pythons
  13 endoplasms
  8 giant cockroaches
  18 goblins
  13 hobgoblins
  4 jackals (D:3)
  10 quokkas
  6 bats
  13 frilled lizards
  13 kobolds
  5 rats
244 creatures vanquished.

Vanquished Creatures (others)
  A fungus (D:2)
  8 plants (D:2)
9 creatures vanquished.

Grand Total: 253 creatures vanquished

Notes
Turn   | Place    | Note
-------+----------+-------------------------------------------
     0 | D:1      | jlumianski the Demonspawn Fighter began the quest for the
                  | Orb.
     0 | D:1      | Reached XP level 1. HP: 18/18 MP: 1/1
   110 | D:1      | Upgraded the game from 0.30-a0-739-gea05faddec to
                  | 0.30-a0-757-ga6a79fd877
   215 | D:1      | Gained mutation: You regenerate magic rapidly. [demonic
                  | ancestry]
   215 | D:1      | Reached XP level 2. HP: 24/24 MP: 2/2
   543 | D:1      | Reached skill level 2 in Axes
   782 | D:1      | Gained mutation: When hurt, damage is shared between your
                  | health and your magic reserves. [demonic ancestry]
   782 | D:1      | Reached XP level 3. HP: 29/29 MP: 3/3
  1016 | D:2      | Found a faded altar of an unknown god.
  1575 | D:2      | Gained mutation: You have a pair of small antennae on your
                  | head. [demonic ancestry]
  1575 | D:2      | Reached XP level 4. HP: 32/35 MP: 2/4
  1934 | D:3      | Noticed Robin
  1938 | D:3      | Killed Robin
  1965 | D:3      | Reached skill level 3 in Axes
  2027 | D:3      | Noticed Natasha
  2036 | D:3      | Killed Natasha
  2037 | D:3      | Reached XP level 5. HP: 35/41 MP: 5/5
  2493 | D:3      | Noticed Natasha
  2503 | D:3      | Killed Natasha
  2738 | D:3      | Identified the +4 ring mail of Ykutiupo {-Cast rElec Str+3
                  | Dex+2}
  3058 | D:3      | Reached skill level 4 in Axes
  3113 | D:3      | Reached XP level 6. HP: 20/48 MP: 3/6
  3241 | D:3      | Reached skill level 1 in Dodging
  3582 | D:5      | Entered Level 5 of the Dungeon
  3615 | D:5      | Found a glowing drain.
  3636 | Sewer    | Entered a sewer
  3899 | Sewer    | Reached XP level 7. HP: 29/54 MP: 4/7
  4404 | D:4      | Found a staircase to the Ecumenical Temple.
  4415 | Temple   | Entered the Ecumenical Temple
  4421 | Temple   | Became a worshipper of Qazlal Stormbringer
  4569 | D:4      | Found Itibirem's General Store.
  4819 | D:5      | Reached skill level 1 in Invocations
  4819 | D:5      | Reached skill level 1 in Evocations
  4845 | D:5      | Reached skill level 5 in Axes
  5033 | D:5      | Reached XP level 8. HP: 32/61 MP: 6/9
  5445 | D:4      | Reached * piety under Qazlal
  5474 | D:5      | Reached skill level 5 in Fighting
  6008 | D:5      | Reached skill level 5 in Armour
  6188 | D:6      | Reached skill level 6 in Axes
  6690 | D:6      | Gained mutation: You have a pair of antennae on your head.
                  | [demonic ancestry]
  6690 | D:6      | Reached XP level 9. HP: 28/68 MP: 8/11
  6944 | D:6      | Noticed Maggie
  6978 | D:6      | Killed Maggie
  7006 | D:6      | Noticed Duvessa
  7007 | D:6      | Noticed Dowan
  7018 | D:6      | Killed Duvessa
  7021 | D:6      | Killed Dowan
  7180 | D:6      | Reached skill level 1 in Throwing
  7415 | D:7      | Reached ** piety under Qazlal
  7416 | D:7      | Reached skill level 7 in Axes
  7624 | D:7      | Paralysed by a hornet for 2 turns
  8085 | D:8      | Reached skill level 5 in Shields
  8361 | D:8      | Gained mutation: You have a pair of large antennae on your
                  | head. (SInv) [demonic ancestry]
  8361 | D:8      | Reached XP level 10. HP: 73/77 MP: 10/13
  8403 | D:8      | Found a staircase to the Lair.
  8534 | D:8      | Reached skill level 5 in Invocations
  8923 | D:8      | Found a hide-covered altar of Uskayaw.
  9172 | D:9      | Reached *** piety under Qazlal
  9231 | D:9      | Reached skill level 8 in Axes
  9231 | D:9      | Reached skill level 5 in Evocations
  9266 | D:9      | Identified the +2 ring mail of Virtue {Will+}
  9276 | D:9      | Noticed a two-headed ogre
  9287 | D:9      | Killed a two-headed ogre
  9301 | D:9      | Noticed a cyclops
  9301 | D:9      | Noticed a centaur warrior
  9302 | D:9      | Hit by a large rock thrown by a cyclops

Illustrated notes

Levels and vault maps discovered:
D:1:      lightli_arrival_statuegarden, layout_basic, bh_walls_and_bars
D:2:      cheibrodos_greedy_goblins, layout_basic,
          shapermc_ecumenical_altar_mp_urbaneastern, minmay_small_reverse_x
D:3:      layout_basic, st_stairs_3, uniq_natasha, uniq_robin
D:4:      layout_rooms, minmay_temple_entry_glassed_door, serial_shops,
          nicolae_shop_advertising_works [nicolae_subvault_shop_adworks],
          minmay_misc_feat_tower
D:5:      layout_basic, cheibrodos_sewer_entry_drain, nicolae_ossuary_entry_plus
D:6:      layout_loops_cross, uniq_maggie, uniq_duvessa
D:7:      layout_basic, minmay_misc_feat_cross
D:8:      minmay_general_purpose_star, layout_basic,
          nicolae_uskayaw_dance_studio, lair_entry_dummy
D:9:      cheibrodos_barr_body, layout_cave_pods, grunt_decor_fettered,
          solitary_fountain, uniq_grum
Temple:   hellmonk_temple_of_storms

Skill      XL: |  1  2  3  4  5  6  7  8  9 10 |
---------------+-------------------------------+-----
Armour         | 3 4 5 6 |  6.0
Axes           | 2 3 4 5 6 7 8 |  8.3
Shields        | 3 4 5 |  5.8
Dodging        | 1 2 |  2.8
Fighting       | 4 5 6 7 |  7.3
Invocations    | 2 3 4 5 |  5.8
Evocations     | 1 3 4 5 |  5.3
Throwing       | 1 |  1.1
Stealth        | |  0.3

Action                     |  1- 3 |  4- 6 |  7- 9 | 10-12 || total
---------------------------+-------+-------+-------+-------++-------
  Melee: War axe           |   147 |   241 |   292 |    96 ||   776
  Throw: Dart              |       |     2 |    19 |       ||    21
    Use: Scroll            |       |    12 |     3 |     7 ||    22
         Potion            |       |     2 |     1 |       ||     3
 Armour: Scale mail        |    60 |       |       |       ||    60
         Chain mail        |    31 |    96 |       |       ||   127
         Ring mail         |       |    84 |    49 |       ||   133
         Plate armour      |       |       |   110 |    42 ||   152
  Dodge: Dodged            |    67 |   150 |    82 |    13 ||   312
  Block: Buckler           |    36 |    79 |    66 |       ||   181
         Tower shield      |       |       |    80 |    87 ||   167

Table legend: (Time is in decaauts)
 A = Elapsed time spent in this place.
 B = Non-inter-level travel time spent in this place.
 C = Inter-level travel time spent in this place.
 D = Time resting spent in this place.
 E = Time spent auto-exploring this place.
 F = Levels seen in this place.
 G = Mean time per level.
                   A        B        C        D        E       F      G
               +--------+--------+--------+--------+--------+-----+--------+
         Total |   9715 |   9689 |     26 |    996 |   4815 |  11 |  883.2 |
       Dungeon |   9029 |   9003 |     26 |    996 |   4469 |   9 | 1003.2 |
        Temple |     12 |     12 |      0 |      0 |      0 |   1 |   12.0 |
         Sewer |    672 |    672 |      0 |      0 |    346 |   1 |  672.0 |
               +--------+--------+--------+--------+--------+-----+--------+

Top non-repeatable levels by time:
     D:3: 1474 daAuts
     D:2: 1255 daAuts
     D:5: 1220 daAuts
     D:6: 1204 daAuts
     D:8: 1177 daAuts
     D:4: 1008 daAuts
     D:1: 831 daAuts
     D:7: 685 daAuts
   Sewer: 672 daAuts
     D:9: 170 daAuts
  Temple: 12 daAuts
